Map: Romanticide LE

Players

Reynor - Winner!

  • Race: Zerg Zerg

Dark

  • Race: Zerg Zerg

Event: TSL 7

VOD

Have the link to the VOD?

Description

Time

  • Played on: June 19, 2021, 8:25 a.m.
  • Length: 13:11

All games in this series

Show
View Real Time Build Order
Export as new Build Order

Reynor Zerg - Winner!

Build Orders: Hatch First, Lurkers 

Get SALT Encoding   

  12  0:00  Drone  
  13  0:12  Overlord  
  13  0:16  Drone  
  14  0:30  Drone x2  
  16  0:48  Hatchery  
  15  0:51  Drone  
  15  0:53  Drone  
  17  0:57  Drone  
  18  1:07  Extractor  
  17  1:12  Spawning Pool  
  17  1:16  Drone  
  17  1:19  Drone  
  18  1:27  Drone  
  19  1:38  Drone  
  20  1:49  Drone  
  21  1:59  Queen, Overlord  
  21  2:00  Queen, Zergling x2  
  26  2:08  Metabolic Boost  
  26  2:10  Drone  
  26  2:11  Drone  
  28  2:21  Drone x2  
  30  2:34  Hatchery  
  30  2:36  Drone  
  30  2:38  Drone  
  30  2:42  Drone  
  32  2:46  Baneling Nest  
  32  2:48  Drone  
  32  2:57  Overlord  
  32  2:58  Drone  
  33  3:07  Drone x3  
  33  3:11  Overlord  
  36  3:15  Drone  
  36  3:16  Evolution Chamber  
  36  3:18  Zergling x6  
  39  3:20  Zergling x2  
  39  3:26  Queen  
  42  3:29  Drone  
  42  3:30  Drone  
  44  3:37  Overlord  
  44  3:38  Drone  
  44  3:41  Drone x2  
  47  3:46  Zerg Ground Armor Level 1  
  47  3:48  Drone  
  47  3:50  Drone  
  47  3:51  Drone  
  52  3:55  Drone x2  
  52  3:57  Drone  
  52  3:59  Drone  
  53  4:04  Drone x2  
  53  4:08  Zergling x2  
  56  4:11  Roach Warren  
  56  4:12  Drone x2  
  56  4:16  Overlord  
  57  4:17  Extractor  
  57  4:21  Drone x4  
  60  4:27  Extractor  
  60  4:28  Overlord  
  60  4:31  Overlord  
  59  4:36  Drone x2  
  59  4:37  Drone  
  62  4:39  Overlord  
  62  4:43  Drone  
  62  4:44  Drone  
  64  4:46  Baneling x3  
  64  4:47  Zergling x2  
  69  4:52  Roach x2  
  64  5:02  Roach  
  64  5:03  Zergling x4, Roach x2  
  64  5:06  Baneling x2  
  70  5:07  Overlord  
  70  5:09  Roach  
  70  5:10  Zergling x6, Roach x2  
  70  5:12  Roach  
  77  5:19  Zergling x4, Roach  
  72  5:28  Drone x2  
  73  5:29  Drone  
  73  5:30  Queen  
  76  5:39  Drone x2  
  76  5:40  Drone  
  76  5:41  Zerg Missile Weapons Level 1, Lair  
  79  5:50  Drone, Overlord  
  79  5:51  Drone  
  79  5:56  Drone x5  
  83  5:58  Overlord  
  83  6:00  Baneling  
  83  6:01  Baneling  
  83  6:03  Drone x2  
  85  6:04  Drone  
  85  6:09  Extractor  
  85  6:10  Extractor  
  85  6:11  Drone  
  85  6:14  Drone x2  
  87  6:21  Overlord  
  87  6:23  Drone  
  87  6:28  Roach x3  
  87  6:29  Roach x3  
  87  6:31  Drone x2  
  100  6:38  Overlord  
  100  6:39  Drone x2  
  100  6:41  Drone  
  100  6:43  Drone  
  100  6:46  Extractor, Glial Reconstitution  
  100  6:47  Hydralisk Den  
  100  6:48  Roach  
  100  6:49  Drone  
  100  6:51  Drone  
  103  6:55  Drone x3  
  103  7:00  Roach x2  
  103  7:01  Roach  
  112  7:04  Roach  
  112  7:06  Overlord x2  
  114  7:08  Hatchery  
  114  7:09  Roach  
  114  7:13  Roach x3  
  114  7:14  Overseer  
  121  7:18  Roach  
  121  7:20  Roach x2  
  127  7:24  Roach x3  
  127  7:27  Roach  
  127  7:28  Roach  
  137  7:34  Roach x4  
  137  7:36  Ravager x3  
  148  7:40  Ravager x2  
  148  7:42  Roach  
  152  7:44  Overlord x2  
  152  7:49  Zerg Missile Weapons Level 2  
  152  7:51  Overlord  
  152  7:58  Pneumatized Carapace  
  152  8:01  Overlord  
  154  8:05  Roach  
  154  8:06  Roach x4  
  154  8:12  Roach x4  
  170  8:15  Overlord  
  170  8:23  Roach x6  
  170  8:24  Roach  
  184  8:32  Infestation Pit  
  184  8:33  Roach x2  
  184  8:34  Roach x2  
  191  8:41  Extractor  
  191  8:42  Roach  
  192  8:49  Overseer  
  192  8:51  Overseer  
  192  8:53  Spore Crawler  
  192  8:55  Spore Crawler x2  
  187  8:56  Overseer  
  176  9:13  Roach x9  
  176  9:16  Hive  
  189  9:19  Roach x3  
  187  9:24  Drone  
  187  9:25  Drone x3  
  186  9:32  Roach x6  
  186  9:34  Overlord  
  181  9:53  Roach x9  
  181  9:58  Roach x3  
  187  10:01  Roach x2  
  189  10:07  Drone x2  
  189  10:08  Drone  
  189  10:09  Hydralisk  
  189  10:10  Queen, Lurker Den  
  189  10:12  Overseer  
  195  10:20  Drone x5  
  200  10:29  Ravager  
  200  10:30  Ravager x2  
  200  10:34  Zerg Missile Weapons Level 3  
  200  10:36  Burrow  
  200  10:40  Roach  
  200  10:41  Roach x5  
  188  10:42  Roach  
  188  10:50  Roach x4  
  188  10:51  Drone x2  
  198  11:08  Seismic Spines  
  198  11:10  Roach  
  194  11:20  Roach x2  
  194  11:21  Roach  
  200  11:29  Roach  
  200  11:30  Roach x2  
  194  11:39  Roach x12  
  192  11:44  Hydralisk x5  
  164  11:53  Lurker  
  164  11:54  Hydralisk x2  
  162  11:59  Roach  
  162  12:00  Roach  
  168  12:01  Queen  
  168  12:10  Extractor  
  168  12:12  Lurker x4  
  168  12:14  Drone x4  
  175  12:18  Hatchery  
  175  12:20  Roach x4  
  182  12:24  Drone x3  
  185  12:31  Viper  
  185  12:32  Overseer  
  184  12:37  Spore Crawler  
Show
View Real Time Build Order
Export as new Build Order

Dark Zerg 

Build Orders: Hatch First, Lurkers 

Get SALT Encoding   

  12  0:00  Drone  
  13  0:12  Overlord  
  13  0:17  Drone  
  14  0:31  Drone x2  
  16  0:48  Hatchery  
  15  0:51  Drone  
  15  0:56  Drone  
  17  1:01  Drone  
  18  1:10  Extractor  
  17  1:16  Drone, Spawning Pool  
  17  1:19  Drone  
  18  1:28  Drone  
  19  1:39  Drone  
  20  1:49  Drone  
  21  2:02  Drone x2, Queen x2  
  27  2:11  Overlord  
  27  2:12  Drone  
  28  2:22  Metabolic Boost  
  28  2:27  Hatchery  
  27  2:30  Drone  
  27  2:32  Drone  
  27  2:34  Drone  
  30  2:37  Drone  
  30  2:44  Queen  
  31  2:50  Baneling Nest  
  32  2:54  Overlord  
  32  2:57  Drone  
  33  3:00  Zergling x2  
  33  3:02  Drone  
  33  3:04  Drone  
  36  3:13  Drone x4  
  36  3:17  Overlord  
  40  3:20  Zergling x4  
  40  3:25  Drone, Zergling x2  
  44  3:35  Evolution Chamber  
  44  3:36  Drone x2  
  44  3:40  Drone  
  46  3:44  Baneling  
  46  3:46  Drone x4  
  50  3:55  Overlord  
  50  3:57  Drone x2  
  50  3:58  Drone  
  50  4:01  Roach Warren  
  52  4:03  Extractor, Overlord  
  52  4:06  Zerg Missile Weapons Level 1  
  52  4:08  Drone x2  
  53  4:18  Zergling x14  
  53  4:23  Baneling  
  53  4:24  Baneling  
  59  4:26  Lair  
  59  4:28  Zergling x6  
  62  4:36  Overlord  
  62  4:37  Zergling x2  
  63  4:38  Drone  
  63  4:39  Drone x3  
  63  4:41  Drone x2  
  63  4:45  Baneling x2  
  69  4:51  Drone x4  
  72  5:03  Baneling  
  68  5:09  Roach x3  
  68  5:10  Drone x3, Roach  
  78  5:20  Roach x3  
  82  5:21  Overlord  
  82  5:27  Extractor, Overlord  
  82  5:28  Extractor x2  
  79  5:29  Extractor  
  79  5:30  Overlord  
  79  5:33  Glial Reconstitution  
  79  5:34  Drone x3, Overlord  
  79  5:35  Drone, Overlord  
  81  5:36  Overlord  
  81  5:41  Roach  
  81  5:42  Baneling x2  
  83  5:50  Roach x2  
  83  5:55  Roach x2  
  88  5:58  Spine Crawler, Roach  
  88  5:59  Overlord  
  88  6:03  Drone x3  
  91  6:07  Drone  
  91  6:10  Zerg Missile Weapons Level 2  
  91  6:11  Overlord  
  92  6:12  Drone x5  
  99  6:18  Overseer, Roach  
  97  6:34  Drone x11  
  97  6:35  Spire  
  105  6:43  Overlord  
  105  6:47  Roach x4  
  113  6:56  Roach x2  
  113  6:59  Hatchery  
  116  7:01  Evolution Chamber  
  116  7:03  Roach x2  
  119  7:09  Tunneling Claws  
  119  7:10  Burrow  
  119  7:12  Roach x2  
  119  7:13  Roach  
  119  7:14  Roach x2  
  119  7:15  Overseer  
  130  7:16  Roach  
  130  7:18  Roach x2  
  136  7:28  Zerg Ground Armor Level 1  
  136  7:29  Roach  
  142  7:30  Roach x4  
  142  7:32  Roach  
  142  7:35  Roach x2  
  142  7:36  Roach  
  154  7:43  Nydus Network, Overlord  
  153  7:46  Overlord  
  153  7:49  Overlord  
  153  7:54  Overlord  
  153  7:55  Overseer  
  153  7:57  Overlord x3  
  153  8:03  Roach x4  
  153  8:05  Roach x2  
  165  8:07  Roach  
  165  8:10  Roach  
  165  8:11  Roach  
  170  8:13  Roach  
  170  8:14  Roach  
  170  8:16  Ravager x2  
  170  8:17  Ravager x2  
  178  8:26  Overseer  
  178  8:27  Roach x3  
  178  8:28  Roach x4  
  178  8:31  Extractor  
  191  8:38  Roach x4  
  199  8:48  Roach x2  
  199  8:50  Roach x3  
  199  8:53  Roach x5  
  199  8:55  Nydus Canal  
  199  9:08  Roach x3  
  195  9:11  Roach x2  
  195  9:12  Nydus Canal  
  195  9:13  Roach  
  195  9:16  Roach  
  199  9:18  Roach  
  199  9:20  Roach  
  199  9:21  Roach  
  190  9:24  Roach x2  
  190  9:25  Roach x2  
  190  9:28  Roach x5  
  200  9:31  Nydus Canal  
  200  9:33  Overseer  
  200  9:36  Roach x3  
  200  9:38  Roach x2  
  200  9:41  Roach  
  200  9:43  Roach  
  192  9:47  Roach x4  
  198  9:53  Roach  
  198  9:54  Roach x2  
  198  9:55  Roach  
  198  9:58  Roach x2  
  198  9:59  Roach x18  
  198  10:01  Roach x2  
  188  10:09  Roach x3  
  188  10:11  Hydralisk Den  
  188  10:13  Infestation Pit  
  192  10:15  Roach x4  
  192  10:19  Nydus Canal  
  200  10:36  Zerg Ground Armor Level 2  
  200  10:42  Overseer, Roach x10  
  199  10:48  Overlord x2  
  199  11:01  Pneumatized Carapace, Hive  
  199  11:03  Lurker Den  
  194  11:14  Nydus Canal  
  194  11:17  Roach  
  194  11:18  Roach x2  
  196  11:19  Roach  
  196  11:20  Roach  
  196  11:22  Roach  
  198  11:28  Roach x3  
  198  11:31  Nydus Canal, Roach x2  
  198  11:35  Drone x3  
  198  11:38  Roach x4  
  173  11:41  Roach x9  
  155  11:52  Drone x2  
  155  11:53  Drone  
  150  11:54  Extractor  
  150  11:55  Spore Crawler  
  150  11:56  Hydralisk x4  
  150  11:57  Hydralisk  
  152  12:09  Hydralisk  
  152  12:10  Hydralisk  
  152  12:12  Drone x4  
  158  12:19  Drone  
  164  12:22  Lurker x3  
  164  12:23  Drone, Lurker x2  
  164  12:24  Drone x2  
  164  12:26  Roach x4  
  164  12:27  Spore Crawler  
  164  12:29  Hydralisk  
  174  12:32  Roach x3  
  170  12:38  Roach x3  
  170  12:43  Lurker  
  171  12:50  Roach x5  
Tags
 
Add a new tag
Caveats
  • Supply blocks, unpowered buildings, or Contaminate may cause inaccurate times.
  • Supply counts are checked every 10 seconds.